 Dungeon Crawl Stone Soup version 0.27-a0-1136-g0b992a5a9d (webtiles) character file.

Game seed: 9504654482866257890

68 Anon1729 the Shield-Bearer (level 3, 0/31 HPs)
             Began as a Demigod Fighter on May 5, 2021.
             Slain by an orc
             ... wielding a +0 flail
              (4 damage)
             ... on level 3 of the Dungeon.
             The game lasted 00:01:59 (1574 turns).

Anon1729 the Shield-Bearer (Demigod Fighter)        Turns: 1574, Time: 00:01:59

Health: 0/31       AC:  6    Str: 21    XL:     3   Next: 73%
Magic:  5/5        EV:  7    Int: 10    God:
Gold:   90         SH:  9    Dex: 13    Spells: 2/2 levels left

rFire    . . .     SeeInvis .   a - +0 flail
rCold    . . .     Faith    .   c - +0 kite shield
rNeg     . . .     Spirit   .   b - +0 scale mail
rPois    .         Reflect  .   (no helmet)
rElec    .         Harm     .   (no cloak)
rCorr    .         Rampage  .   (no gloves)
Will     .....                  (no boots)
Stlth    ..........             (no amulet)
HPRegen  0.10/turn              h - +4 ring of slaying
MPRegen  0.09/turn              (no ring)

@: no status effects
A: high mp 1, forlorn
a: no special abilities


You were on level 3 of the Dungeon.
You visited 1 branch of the dungeon, and saw 3 of its levels.

You collected 90 gold pieces.

Inventory:

Hand Weapons
 a - a +0 flail (weapon)
Armour
 b - a +0 scale mail (worn)
 c - a +0 kite shield (worn)
Jewellery
 h - a +4 ring of slaying (left hand)
Scrolls
 e - 3 scrolls of magic mapping {unknown}
 i - a scroll of enchant weapon {unknown}
 j - a scroll of amnesia {unknown}
 k - 3 scrolls of identify {unknown}
Potions
 d - a potion of might
 g - a potion of cancellation {unknown}
 l - a potion of mutation {unknown}


   Skills:
 + Level 3.1 Fighting
 * Level 2.7 Maces & Flails
 + Level 3.1 Armour
 + Level 3.1 Shields


You had 2 spell levels left.
You didn't know any spells.
Your spell library was empty.

Dungeon Overview and Level Annotations

Branches:
Dungeon (3/15)

Annotations:
D:2 Natasha, Robin


Innate Abilities, Weirdness & Mutations

Your attributes grow dramatically as you level up.
You have an increased reservoir of magic. (+10% MP)
You shall have no god before yourself.


Message History

You closely miss the orc.
The orc is severely wounded.
You block the kobold's attack. The orc hits you with a +0 dagger.
* * * LOW HITPOINT WARNING * * *
You hit the orc but do no damage.
The orc is severely wounded.
You block the kobold's attack. The orc barely misses you.
The kobold hits you but does no damage. You block the orc's attack.
You barely miss the orc.
The orc is severely wounded.
You block the kobold's attack. You block the orc's attack.
You block the kobold's attack.
You barely miss the orc.
The orc is severely wounded.
The orc hits you but does no damage. The kobold barely misses you.
You block the orc's attack.
You closely miss the orc.
The orc is heavily wounded.
You block the kobold's attack. The orc barely misses you.
You block the kobold's attack.
You hit the orc.
The orc is almost dead.
The orc barely misses you. The kobold barely misses you.
The orc hits you but does no damage.
You hit the orc.
You kill the orc!
The kobold hits you with a +0 short sword.
* * * LOW HITPOINT WARNING * * *
The kobold completely misses you.
You sock the kobold!
You kill the kobold!
The orc hits you with a +0 flail.
* * * LOW HITPOINT WARNING * * *
You see here an adder corpse.
Things that are here:
a +0 club; a +0 dagger; a goblin corpse You see here a +2 dagger of protection.
There is a stone staircase leading up here.
You closely miss the orc. The orc hits you with a +0 flail.
You die...

#...#
#...##########
.............#
..>....#####.#
.......# #.#
.......# #.#
.......# #.#
.......#
#†#####
.......#
#..)o@#
.......#
#######
.......#


You could see an orc.

Vanquished Creatures
  An adder (D:3)
  A dart slug (D:2)
  3 orcs (D:3)
  3 ball pythons (D:1)
  2 endoplasms (D:1)
  2 giant cockroaches (D:1)
  13 goblins
  5 hobgoblins
  3 jackals (D:1)
  A quokka (D:1)
  6 bats
  A frilled lizard (D:1)
  2 kobolds
  3 rats
46 creatures vanquished.

Notes
Turn   | Place    | Note
-------+----------+-------------------------------------------
     0 | D:1      | Anon1729 the Demigod Fighter began the quest for the Orb.
     0 | D:1      | Reached XP level 1. HP: 18/18 MP: 3/3
   235 | D:1      | Reached XP level 2. HP: 25/25 MP: 4/4
  1221 | D:2      | Reached XP level 3. HP: 31/31 MP: 5/5
  1397 | D:2      | Noticed Robin
  1405 | D:2      | Noticed Natasha
  1574 | D:3      | Slain by an orc

Illustrated notes

Levels and vault maps discovered:
D:1:      beargit_arrival_greenhouse, layout_basic,
          ebering_ecumenical_altar_rust, minmay_nonomino_d4
D:2:      layout_rooms, uniq_sigmund, uniq_robin, uniq_natasha
D:3:      layout_basic, serial_shops, shop, uniq_terence

Skill      XL: |  1  2 |
---------------+-------+-----
Maces & Flails | 2 |  2.7
Fighting       | 3 |  3.1
Armour         | 3 |  3.1
Shields        | 3 |  3.1

Action                   || total
-------------------------++-------
Melee: Flail             ||   142
  Use: Potion            ||     1
Armor: Scale mail        ||   106
Dodge: Dodged            ||    65
Block: Kite shield       ||   125

Table legend: (Time is in decaauts)
 A = Elapsed time spent in this place.
 B = Non-inter-level travel time spent in this place.
 C = Inter-level travel time spent in this place.
 D = Time resting spent in this place.
 E = Time spent auto-exploring this place.
 F = Levels seen in this place.
 G = Mean time per level.
                   A        B        C        D        E       F      G
               +--------+--------+--------+--------+--------+-----+--------+
         Total |   1648 |   1619 |     29 |     55 |   1215 |   3 |  549.3 |
       Dungeon |   1648 |   1619 |     29 |     55 |   1215 |   3 |  549.3 |
               +--------+--------+--------+--------+--------+-----+--------+

Top non-repeatable levels by time:
     D:1: 1242 daAuts
     D:2: 231 daAuts
     D:3: 174 daAuts
